 Dungeon Crawl Stone Soup version 0.29.0-4-gdea44cf6ec (webtiles) character file.

Game seed: 8607323700077139916

72 qw the Sneak (level 4, 0/28 HPs)
             Began as a Gargoyle Delver on Sept 10, 2022.
             Slain by a black bear (11 damage)
             ... on level 4 of the Dungeon.
             The game lasted 00:00:08 (508 turns).

qw the Sneak (Gargoyle Delver)                       Turns: 508, Time: 00:00:09

Health: 0/28       AC:  6    Str: 18    XL:     4   Next: 26%
Magic:  4/4        EV: 11    Int: 10    God:
Gold:   49         SH:  0    Dex: 11    Spells: 3/3 levels left

rFire   . . .      SeeInvis .   Y - +0 hand axe (venom)
rCold   . . .      Faith    .   (no shield)
rNeg    + . .      Spirit   .   b - +0 leather armour
rPois   inf        Reflect  .   (no helmet)
rElec   +          Harm     .   (no cloak)
rCorr   .          Rampage  .   (no gloves)
Will    .....                   (no boots)
Stlth   +++.......              (no amulet)
HPRegen 0.09/turn               (no ring)
MPRegen 0.09/turn               (no ring)

@: no status effects
A: sickness immunity, AC +3, negative energy resistance 1, electricity
resistance, torment resistance 1, petrification resistance
a: no special abilities


You were on level 4 of the Dungeon.
You visited 1 branch of the dungeon, and saw 2 of its levels.

You collected 49 gold pieces.


Innate Abilities, Weirdness & Mutations

You are immune to sickness and miasma.
Your stone body is resilient. (AC +3)
You are immune to poison.
You resist negative energy. (rN+)
You are resistant to electric shocks. (rElec)
You are resistant to unholy torment.
You are immune to petrification.


   Skills:
 - Level 3.2 Fighting
 + Level 4.0 Axes
 - Level 1.5 Dodging
 - Level 5.4 Stealth


You had 3 spell levels left.
You didn't know any spells.
Your spell library was empty.

Inventory:

Hand Weapons
 j - a +0 whip
 Y - a +0 hand axe of venom (weapon)
Armour
 b - a +0 leather armour (worn)
Jewellery
 a - a +4 ring of slaying {mikee}
Wands
 g - a wand of digging (3)
Scrolls
 c - a scroll of blinking {unknown}
 h - a scroll of identify {unknown}
Potions
 d - a potion of heal wounds {unknown}
 e - a potion of invisibility {unknown}
 f - 2 potions of haste
 i - a potion of experience {unknown}
 k - a potion of cancellation {unknown}

Dungeon Overview and Level Annotations

Branches:
Dungeon (5/15)
 Temple: D:4-7

Altars:
Cheibriados
Uskayaw


Message History

You kill the scorpion!
Your Axes skill gained 2 levels and is now at level 4!
You have reached level 3!
Your experience leads to an increase in your attributes!
Increase (S)trength, (I)ntelligence, or (D)exterity?
You feel stronger. x2; You have reached level 4!
You feel stronger.
k - a green potion You now have 49 gold pieces (gained 13).
You hear the brisk rusting of a very distant drain.
Found 4 stones.
You see here 4 stones.
A black bear comes into view.
The black bear growls angrily.
Enter note: You hit the black bear.
The black bear is lightly wounded.
The black bear barely misses you. The black bear claws you.
The black bear barely misses you.
You slash the black bear!
The black bear is poisoned.
The black bear is heavily wounded.
The black bear misses you.
The black bear claws you but does no damage.
The black bear barely misses you.
You closely miss the black bear.
The black bear is heavily wounded.
The black bear bites you. The black bear closely misses you.
The black bear claws you.
You closely miss the black bear.
The black bear is heavily wounded.
The black bear bites you. The black bear closely misses you.
The black bear claws you.
You hit the black bear.
The black bear looks as sick as possible!
The black bear is severely wounded.
You hear the quick rusting of a very distant drain.
The black bear goes berserk!
You barely miss the black bear.
The black bear is severely wounded.
The black bear bites you!
You die...

.## ##.#.#.#
..###.##.#.# #.
##...###...# #.
####.# ##### #. ##
#.# #. .###'##
###.##### .##...## #
.?.....# .#.....##
#.##h..#.# ........##
#.#.#@.#.#
.........###.....##.#
.........+.......##.#
.........###.....##.#
~~.~~...## #........#
.~.~..~..#######.####
.....~~...#### #.#
.._.¤........# #.#
..¤¤.~¤...##.# #.#


You could see a black bear (berserk, extremely poisoned).

Vanquished Creatures
  A scorpion (D:4)
  An adder (D:4)
  An endoplasm (D:4)
  2 hobgoblins (D:4)
  A quokka (D:4)
6 creatures vanquished.

Notes
Turn   | Place    | Note
-------+----------+-------------------------------------------
     0 | D:5      | qw the Gargoyle Delver began the quest for the Orb.
     0 | D:5      | Reached XP level 1. HP: 14/14 MP: 1/1
     0 | D:5      | 0 ||| qw: Version: 0.1-a-116-g5d60599
     0 | D:5      | 0 ||| qw: Game counter: 8759
     0 | D:5      | 0 ||| qw: Always use a shield: true
     0 | D:5      | 0 ||| qw: God list: Okawaru
     0 | D:5      | 0 ||| qw: Allow faded altars: false
     0 | D:5      | 0 ||| qw: Do Orc after D:15 true
     0 | D:5      | 0 ||| qw: Do second Lair branch before Depths: true
     0 | D:5      | 0 ||| qw: Lair rune preference: random
     0 | D:5      | 0 ||| qw: Plans: Normal
     0 | D:5      | 0 ||| PLANNING D:1-11
    48 | D:5      | 48 ||| READING scroll labelled ACLUAJ XICIFOW.
    49 | D:5      | 49 ||| DROPPING scroll of fog.
    50 | D:5      | 50 ||| DROPPING scroll of magic mapping.
    51 | D:5      | 51 ||| DROPPING scroll of fear.
    57 | D:4      | 57 ||| PLANNING SEWER
   180 | D:4      | Found a hide-covered altar of Uskayaw.
   353 | D:4      | Reached XP level 2. HP: 15/19 MP: 2/2
   419 | D:4      | Found a snail-covered altar of Cheibriados.
   434 | D:4      | Noticed a scorpion
   441 | D:4      | Killed a scorpion
   442 | D:4      | Reached XP level 3. HP: 23/23 MP: 3/3
   442 | D:4      | Reached XP level 4. HP: 28/28 MP: 4/4
   501 | D:4      | Noticed a black bear
   508 | D:4      | Slain by a black bear

Levels and vault maps discovered:
D:4:      layout_loops_corners, eat_drink_and_be_merry_uskayaw,
          mainiacjoe_overflow_small_starburst, lemuel_zombie_altar_yredelemnul,
          gup_sewer_entry_pipe, serial_shops, shop, grunt_ministairs_1
D:5:      layout_basic, gammafunk_temple_overflow_pools

Skill      XL: |  1  2 |
---------------+-------+-----
Axes           | 2 4 |  4.0
Fighting       | |  3.2
Dodging        | |  1.5
Stealth        | |  5.4

Action                   |  1- 3 |  4- 6 || total
-------------------------+-------+-------++-------
Melee: Hand axe          |    22 |     6 ||    28
  Use: Scroll            |     1 |       ||     1
 Stab: Sleeping          |     1 |       ||     1
Armor: Leather armour    |    13 |     1 ||    14
Dodge: Dodged            |     8 |     6 ||    14

Table legend:
 A = Non-vault XP
 B = Vault XP
 C = Vault XP percentage of total XP
 D = Non-vault monster count
 E = Vault monster count
 F = Vault count percentage of total count
                 A         B        C        D         E       F
            +---------+---------+-------+---------+---------+-------
      Total |     100 |       4 |   3.8 |       4 |       2 |  33.3
            +---------+---------+-------+---------+---------+-------
        D:4 |     100 |       4 |   3.8 |       4 |       2 |  33.3
            +---------+---------+-------+---------+---------+-------
